 Dungeon Crawl Stone Soup version 0.14-a0-77-g9a1e883 (webtiles) character file.

236 Malachi the Skirmisher (level 4, -4/36 HPs)
             Began as a Demonspawn Fighter on Oct 1, 2013.
             Killed from afar by Sigmund (7 damage)
             ... with a puff of flame
             ... on Level 2 of the Dungeon.
             The game lasted 00:03:26 (2215 turns).

Malachi the Skirmisher (Demonspawn Fighter)         Turns: 2215, Time: 00:03:26

HP  -4/36        AC  8     Str 17      XL: 4   Next: 24%
MP   3/3         EV  6     Int 14      God:
Gold 152         SH  0     Dex 13      Spells:  0 memorised,  3 levels left

Res.Fire  : . . .   See Invis. : .   a - +0 trident
Res.Cold  : . . .   Warding    : .   b - +0 scale mail
Life Prot.: . . .   Conserve   : .   c - +0 shield
Res.Poison: .       Res.Corr.  : .   (no helmet)
Res.Elec. : .       Clarity    : .   (no cloak)
Sust.Abil.: . .     Spirit.Shd : .   t - +0 pair of elf gauntlets
Res.Mut.  : .       Stasis     : .   (no boots)
Res.Rott. : .       Flight     : +   (no amulet)
Saprovore : + . .                    (no ring)
                                     (no ring)

@: confused, brilliant, flying, slightly resistant to hostile enchantments,
extremely unstealthy
A: saprovore 1
a: no special abilities


You were on level 2 of the Dungeon.
You were not hungry.

You visited 1 branch of the dungeon, and saw 2 of its levels.

You collected 132 gold pieces.

Inventory:

Hand weapons
 a - a +0,+0 trident (weapon)
Armour
 b - a +0 scale mail (worn)
 c - a +0 shield (worn)
 t - a +0 pair of elven gauntlets (worn)
Comestibles
 d - 2 bread rations
 p - a pear
Scrolls
 f - a scroll of magic mapping {unknown}
 h - a scroll of curse weapon {unknown}
 i - a scroll of curse jewellery {unknown}
 k - a scroll of blinking {unknown}
 l - a scroll of remove curse {unknown}
 m - a scroll of enchant armour {unknown}
 o - 2 scrolls of teleportation {unknown}
Jewellery
 e - an uncursed amulet of stasis {unknown}
 j - an uncursed amulet of guardian spirit {unknown}
Potions
 g - a potion of coagulated blood
 r - a potion of flight


   Skills:
 + Level 3.3 Fighting
 + Level 2.2 Polearms
 + Level 3.3 Armour
 + Level 1.4 Dodging
 + Level 3.1 Shields


You had 3 spell levels left.
You didn't know any spells.

Dungeon Overview and Level Annotations

Branches:
Dungeon (2/27)

Altars:
Trog

Annotations:
D:2 Sigmund


Innate Abilities, Weirdness & Mutations

You can tolerate rotten meat.


Message History

You feel more clever all of a sudden.
It was a potion of brilliance.
You hear some strange, mumbled words.
The puff of flame misses you.
Drink which item? (? for menu, Esc to quit)
You feel very buoyant.
You fly up into the air.
It was a potion of flight.
You hear a zap.
Something tries to affect you, but you resist.
It hits you!
* * * LOW HITPOINT WARNING * * *
Ouch! You hear some strange, mumbled words.
Something tries to affect you, but you resist.
You hear a zap.
You are more confused.
Found a scroll labeled BLEMYE HYODANK.
The puff of flame hits you!
Your scroll labeled PSATAJ MIAWU catches fire!
You die...

....# ...... ....## .
..#.# ..? .....# #...
..##.# #... #.##.#
#.... ..##.#
#.#....######## #.#
#.......@.....# ####.#
########..###.#
.....#########......#
#..........#........#
#.##.##.##.#.#.#....# #
#)##.##.##.#........#.#
#.##....##.#.#.#%.%...#
#.##.##......#........#
#.##.##.##.#.#..)...#.#


There were no monsters in sight!

Vanquished Creatures
  Jessica (D:2)
  3 adders (D:2)
  2 giant geckos
  An ooze (D:1)
  2 ball pythons (D:1)
  4 bats
  A giant cockroach (D:2)
  3 hobgoblins
  3 jackals (D:1)
  2 giant newts (D:1)
  11 goblins
  4 kobolds (D:1)
  A rat (D:2)
38 creatures vanquished.

Notes
Turn   | Place    | Note
--------------------------------------------------------------
     0 | D:1      | Malachi, the Demonspawn Fighter, began the quest for the Orb.
     0 | D:1      | Reached XP level 1. HP: 18/18 MP: 0/0
   446 | D:1      | Gained mutation: You can tolerate rotten meat. [demonic ancestry]
   446 | D:1      | Reached XP level 2. HP: 20/24 MP: 1/1
   608 | D:1      | HP: 1/24 [bat (1)]
  1133 | D:1      | Reached skill level 1 in Dodging
  1280 | D:1      | Reached XP level 3. HP: 21/30 MP: 2/2
  1420 | D:2      | Noticed Jessica
  1440 | D:2      | Killed Jessica
  1527 | D:2      | Found a bloodstained altar of Trog.
  1839 | D:2      | Reached XP level 4. HP: 12/36 MP: 3/3
  2192 | D:2      | Noticed Sigmund
  2215 | D:2      | Killed from afar by Sigmund

Action                   |  1- 3 |  4- 6 || total
-------------------------+-------+-------++-------
Melee: Trident           |   157 |    30 ||   187
  Use: Potion            |       |     2 ||     2
